 Dungeon Crawl Stone Soup version 0.14-a0-1097-gc7db7fc (webtiles) character file.

5817 PolkaDot the Conjurer (level 10, -7/63 HPs)
             Began as a Vampire Conjurer on Nov 26, 2013.
             Was a Priest of Vehumet.
             Killed from afar by a fire drake (22 damage)
             ... with a blast of flame
             ... on Level 10 of the Dungeon.
             The game lasted 01:01:21 (12802 turns).

PolkaDot the Conjurer (Vampire Conjurer)           Turns: 12802, Time: 01:01:24

HP  -7/63        AC  2     Str  7      XL: 10   Next: 37%
MP  14/19        EV 12     Int 20      God: Vehumet [***...]
Gold 513         SH  0     Dex 14      Spells:  5 memorised,  2 levels left

rFire  . . .     SeeInvis +     x - +4,+3 dagger (venom)
rCold  . . .     Clarity  .     p - +0 robe (curse)
rNeg   + . .     Conserve .     (no shield)
rPois  .         rCorr    .     (no helmet)
rElec  .         rRot     .     (no cloak)
SustAb . .       Spirit   .     (no gloves)
rMut   .         Warding  +     (no boots)
Saprov . . .     Stasis   .     l - amulet of warding
                                (no ring)
                                (no ring)

@: regenerating quickly, somewhat resistant to hostile enchantments, stealthy
A: bottle blood, fangs 3, see invisible, unbreathing
a: Bottle Blood, Renounce Religion


You were on level 10 of the Dungeon.
You worshipped Vehumet.
Vehumet was most pleased with you.
You were very full.

You visited 2 branches of the dungeon, and saw 11 of its levels.

You collected 513 gold pieces.

Inventory:

Hand weapons
 x - a +4,+3 dagger of venom (weapon)
Armour
 p - a cursed +0 robe (worn)
Magical devices
 b - a wand of slowing (14)
 k - a wand of random effects (5)
 r - a wand of random effects (10)
Scrolls
 a - 2 scrolls of magic mapping
 h - a scroll of enchant weapon I {unknown}
 i - 4 scrolls of remove curse
 j - 2 scrolls of enchant armour {unknown}
 y - a scroll of fog {unknown}
 z - a scroll of teleportation
 B - a scroll of acquirement {unknown}
Jewellery
 l - an amulet of warding (around neck)
Potions
 f - a potion of magic
 g - a potion of restore abilities
 o - a potion of might
 q - 5 potions of blood
 s - 2 potions of speed {unknown}
 t - 2 potions of agility {unknown}
 u - 3 potions of berserk rage {unknown}
 w - a potion of cure mutation {unknown}
 A - a potion of confusion {unknown}
Books
 c - a book of Conjurations

   Spells                             Type                      Level
   *Magic Dart                        Conjuration                  1
   *Searing Ray                       Conjuration                  2
   Dazzling Spray                     Conjuration/Hexes            3
   *Iskenderun's Mystic Blast         Conjuration                  4
   Iskenderun's Battlesphere          Conjuration/Charms           4
   Fulminant Prism                    Conjuration/Hexes            5
 d - a book of the Warp

   Spells                             Type                      Level
   Recall                             Summoning/Translocation      3
   Control Teleport                   Charms/Translocation         4
   Phase Shift                        Translocation                5
   Warp Weapon                        Charms/Translocation         5
   Dispersal                          Translocation                6
   Controlled Blink                   Translocation                7
   Disjunction                        Translocation                8
 m - a book of the Tempests

   Spells                             Type                      Level
   Static Discharge                   Conjuration/Air              3
   *Lightning Bolt                    Conjuration/Air              5
   Fireball                           Conjuration/Fire             5
   Tornado                            Air                          9
   Shatter                            Earth                        9
 v - a book of Dreams

   Spells                             Type                      Level
   Ensorcelled Hibernation            Hexes/Ice                    2
   Flight                             Charms/Air                   3
   Phase Shift                        Translocation                5
   Shadow Creatures                   Summoning                    5
   Mass Confusion                     Hexes                        6
   Darkness                           Hexes                        7
 D - a book of Minor Magic

   Spells                             Type                      Level
   *Magic Dart                        Conjuration                  1
   Blink                              Translocation                2
   Call Imp                           Summoning                    2
   Repel Missiles                     Charms/Air                   2
   Slow                               Hexes                        2
   Conjure Flame                      Conjuration/Fire             3
   Mephitic Cloud                     Conjuration/Poison/Air       3


   Skills:
 - Level 2.1 Dodging
 - Level 3.0 Stealth
 - Level 3.1 Spellcasting
 + Level 10.5 Conjurations
 * Level 7.5 Air Magic


You had 2 spell levels left.
You knew the following spells:

 Your Spells              Type           Power        Failure   Level  Hunger
a - Magic Dart            Conj           ####         1%          1    None
d - Iskenderun's Mystic   Conj           #####...     1%          4    ####...
f - Lightning Bolt        Conj/Air       #####.....   3%          5    #####..
s - Searing Ray           Conj           #####.       1%          2    ##.....
A - Freeze                Ice            #...         4%          1    None


Dungeon Overview and Level Annotations

Branches:
Dungeon (10/16)            Temple (1/1) D:6
    Orc: D:9-12        Lair: D:8-11

Altars:
Ashenzari
Cheibriados
Elyvilon
Fedhas
Kikubaaqudgha
Makhleb
Nemelex Xobeh
Okawaru
Sif Muna
Trog
Vehumet
Xom
Yredelemnul
Zin
the Shining One

Shops:
D:8 %


Innate Abilities, Weirdness & Mutations

Your natural rate of healing is unusually fast.
You can bottle blood from corpses.
You have razor-sharp teeth.*
You have supernaturally acute eyesight.
You can survive without breathing.*


Message History

The fire drake bites you!
You closely miss the fire drake.
The fire drake is heavily wounded.
The fire drake breathes flames at you. The blast of flame hits you!
One of your 5 scrolls of remove curse catches fire!
Your scroll labeled XEUPHU FURHIMESO catches fire!
Your scroll labeled KAITZE TUIPH catches fire!
Casting: Searing Ray
Confirm with . or Enter, or press ? or * to list all spells.
Aiming: Searing Ray
Press: ? - help, Shift-Dir - straight line, f - fire drake
Aim: a fire drake (heavily wounded, catching its breath)
The searing ray hits the fire drake.
The fire drake is heavily wounded.
The fire drake bites you.
* * * LOW HITPOINT WARNING * * *
The fire drake breathes flames at you. The blast of flame hits you!
You die...

..≈≈§.≈
#§≈≈≈≈§
##...§§
..... .o.
#.# #o# #l#
#@# #.# ...
.....
.......
.........
...........
.........
...


You could see a fire drake, an orc warrior and an orc.

Vanquished Creatures
  A hungry ghost (D:8)
  Grum (D:9)
  A necrophage (D:7)
  4 wolves (D:9)
  4 phantoms
  6 ogres
  3 ice beasts
  A black bear (D:6)
  Sigmund (D:7)
  4 centaurs
  A water moccasin (D:9)
  4 giant frogs
  A cyclops zombie (D:9)
  9 killer bees
  10 crimson imps
  2 goliath beetles
  7 hounds
  5 orc priests
  2 jellies
  A water moccasin skeleton (D:9)
  A centaur skeleton (D:5)
  A giant frog skeleton (D:8)
  4 scorpions
  5 worker ants
  A gnoll shaman (D:5)
  11 orc wizards
  4 iguanas
  An orange rat (D:7)
  A hound zombie (D:6)
  A hound skeleton (D:6)
  A worker ant zombie (D:6)
  9 gnolls
  3 green rats (D:7)
  4 adders
  A giant centipede (D:9)
  A giant mite (D:3)
  3 worms
  An adder zombie (D:7)
  An iguana skeleton (D:6)
  4 grey rats (D:7)
  2 giant eyeballs (D:5)
  5 giant geckos
  28 orcs
  A ball python (D:6)
  8 bats
  A bat skeleton (D:7)
  5 giant cockroaches
  13 goblins
  13 hobgoblins
  5 jackals
  18 kobolds
  4 quokkas
  6 giant newts
  A giant spore (D:6)
  2 hobgoblin skeletons
  A hobgoblin zombie (D:5)
  A kobold skeleton (D:5)
  An orc skeleton (D:4)
  30 rats
  3 ballistomycetes (D:6)
274 creatures vanquished.

Notes
Turn   | Place    | Note
--------------------------------------------------------------
     0 | D:1      | PolkaDot, the Vampire Conjurer, began the quest for the Orb.
     0 | D:1      | Reached XP level 1. HP: 13/13 MP: 4/4
   360 | D:1      | Reached XP level 2. HP: 17/19 MP: 0/5
  1053 | D:2      | Learned a level 2 spell: Searing Ray
  1254 | D:2      | Reached XP level 3. HP: 24/24 MP: 3/6
  1756 | D:2      | Found an iron altar of Okawaru.
  2093 | D:3      | Reached skill level 4 in Conjurations
  2468 | D:3      | Reached XP level 4. HP: 30/30 MP: 1/8
  3443 | D:4      | Reached XP level 5. HP: 35/35 MP: 5/9
  3527 | D:4      | Noticed an ogre
  3538 | D:4      | Killed an ogre
  3538 | D:4      | Reached skill level 5 in Conjurations
  3626 | D:4      | Reached XP level 6. HP: 29/41 MP: 5/10
  3638 | D:5      | Entered Level 5 of the Dungeon
  4588 | D:4      | Reached skill level 6 in Conjurations
  4772 | D:4      | Found a glowing golden altar of the Shining One.
  5848 | D:5      | Reached XP level 7. HP: 11/46 MP: 7/11
  6432 | D:5      | Reached skill level 7 in Conjurations
  6670 | D:5      | HP: 1/46 [goblin/ stone (2)]
  6928 | D:5      | Reached XP level 8. HP: 26/52 MP: 10/13
  6966 | D:5      | Paralysed by a giant eyeball for 2 turns
  6970 | D:5      | Paralysed by a giant eyeball for 4 turns
  7004 | D:5      | Reached skill level 8 in Conjurations
  7048 | D:5      | Found a shattered altar of Ashenzari.
  7804 | D:6      | Reached skill level 9 in Conjurations
  7877 | D:6      | Learned a level 4 spell: Iskenderun's Mystic Blast
  8058 | D:6      | Found a staircase to the Ecumenical Temple.
  8082 | Temple   | Entered the Ecumenical Temple
  8169 | Temple   | Became a worshipper of Vehumet
  8881 | D:6      | Reached XP level 9. HP: 42/57 MP: 12/16
  9607 | D:7      | Acquired Vehumet's first power
  9607 | D:7      | Offered knowledge of Shock by Vehumet.
  9619 | D:7      | Learned a level 5 spell: Lightning Bolt
  9908 | D:7      | Found an iron altar of Okawaru.
  9948 | D:7      | Reached skill level 1 in Air Magic
 10031 | D:7      | Noticed Sigmund
 10037 | D:7      | Killed Sigmund
 10144 | D:7      | Reached skill level 10 in Conjurations
 10227 | D:7      | Offered knowledge of Freeze by Vehumet.
 10520 | D:8      | Learned a level 1 spell: Freeze
 10594 | D:8      | Reached skill level 5 in Air Magic
 11300 | D:8      | Reached XP level 10. HP: 35/63 MP: 14/19
 11432 | D:8      | Found Buejucih's Food Emporium.
 11482 | D:9      | Upgraded the game from 0.14-a0-1076-gee4852e to 0.14-a0-1097-gc7db7fc
 12029 | D:9      | Noticed Grum
 12044 | D:9      | Killed Grum
 12162 | D:9      | Offered knowledge of Inner Flame by Vehumet.
 12541 | D:9      | Acquired Vehumet's second power
 12790 | D:10     | Entered Level 10 of the Dungeon
 12802 | D:10     | Killed from afar by a fire drake

Action                   |  1- 3 |  4- 6 |  7- 9 | 10-12 || total
-------------------------+-------+-------+-------+-------++-------
Melee: Unarmed           |    70 |     4 |       |       ||    74
       Dagger            |       |    29 |   226 |    32 ||   287
 Cast: Magic Dart        |    91 |    33 |    25 |    10 ||   159
       Searing Ray       |     3 |    33 |    75 |    24 ||   135
       Iskenderun's Myst |       |       |     7 |    16 ||    23
 Abil: Bottle Blood      |       |       |    10 |     8 ||    18
Evoke: Wand              |       |       |       |    10 ||    10
  Use: Potion            |     4 |     3 |     8 |    11 ||    26
       Scroll            |       |    10 |     2 |     5 ||    17
 Stab: Sleeping          |     1 |       |    10 |     1 ||    12
       Invisible         |     3 |       |       |       ||     3
       Distracted        |       |       |     1 |       ||     1
